 Dungeon Crawl Stone Soup version 0.20.1-1-g8b1a95d (webtiles) character file.

2869 Blomdor the Cleaver (level 9, -3/74 HPs)
             Began as a Barachi Conjurer on Sept 15, 2017.
             Was an Initiate of Cheibriados.
             Slain by a cyclops (26 damage)
             ... on level 8 of the Dungeon.
             The game lasted 00:12:17 (7125 turns).

Blomdor the Cleaver (Barachi Conjurer)              Turns: 7125, Time: 00:12:18

Health: -3/74      AC: 13    Str: 17    XL:     9   Next: 76%
Magic:  12/12      EV:  8    Int: 18    God:    Cheibriados [......]
Gold:   303        SH:  0    Dex: 15    Spells: 11/12 levels left

rFire    . . .     SeeInvis .   r - +2 war axe (flame)
rCold    . . .     Gourm    .   (no shield)
rNeg     . . .     Faith    .   u - +0 chain mail
rPois    .         Spirit   .   (no helmet)
rElec    .         Reflect  .   x - +0 cloak
rCorr    +         Harm     .   n - +0 pair of gloves
MR       .....                  h - +0 pair of boots
Stlth    ..........             (no amulet)
Regen    0.3/turn               l - +4 ring of strength
MPRegen  0.2/turn               y - ring of resist corrosion

@: very slow
A: +LOS, swims, clever 1, sense surroundings 1, slowness 1, MP-powered wands,
strong legs 1
a: Hop, Bend Time, Renounce Religion


You were on level 8 of the Dungeon.
You worshipped Cheibriados.
Cheibriados was noncommittal.
You were not hungry.

You visited 1 branch of the dungeon, and saw 8 of its levels.

You collected 303 gold pieces.

Inventory:

Hand Weapons
 d - a +0 hunting sling
 r - a +2 war axe of flaming (weapon)
 A - a +2 spear of venom
Missiles
 e - 153 stones (quivered)
 w - 2 throwing nets
Armour
 h - a +0 pair of boots (worn)
 n - a +0 pair of gloves (worn)
 u - a +0 chain mail (worn)
 v - a scarf of spirit shield
 x - a +0 cloak (worn)
Jewellery
 l - a +4 ring of strength (left hand)
 o - an uncursed ring of ice
 t - an uncursed ring of wizardry
 y - a ring of resist corrosion (right hand)
 D - an uncursed ring of stealth
 G - an uncursed ring of protection from cold {unknown}
Scrolls
 a - 2 scrolls of magic mapping
 g - 3 scrolls of teleportation
 i - a scroll of remove curse
 p - a scroll of fear
 E - a scroll of fog
 F - a scroll of amnesia {unknown}
Potions
 j - 2 potions of might
 m - a potion of heal wounds {unknown}
 q - a potion of mutation
 z - a potion of berserk rage {unknown}
 C - 2 potions of curing
Books
 b - a book of Conjurations

   Spells                             Type                      Level
   a - Magic Dart                     Conjuration                  1
   b - Searing Ray                    Conjuration                  2
   c - Dazzling Spray                 Conjuration/Hexes            3
   d - Fulminant Prism                Conjuration/Hexes            4
   e - Force Lance                    Conjuration/Translocation    4
   f - Iskenderun's Mystic Blast      Conjuration                  4
Comestibles
 c - 7 bread rations
 f - 6 fruits
 k - 7 meat rations
 s - 2 royal jellies
 B - 6 chunks of flesh


   Skills:
 + Level 8.2 Fighting
 * Level 10.5 Axes
 + Level 5.8 Armour
 + Level 3.1 Dodging
 - Level 1.7 Stealth
 - Level 2.1 Spellcasting
 - Level 4.3 Conjurations


You had 11 spell levels left.
You knew the following spells:

 Your Spells              Type           Power        Failure   Level  Hunger
a - Magic Dart            Conj           ###.         36%         1    #......


Dungeon Overview and Level Annotations

Branches:
Dungeon (8/15)             Temple (0/1) D:7
   Lair: D:8-11

Altars:
Ashenzari
Cheibriados
Gozag
Kikubaaqudgha
Nemelex Xobeh
Qazlal
Trog
Uskayaw
Vehumet

Shops:
D:3 *


Innate Abilities, Weirdness & Mutations

Shadows flee at your approach. (+LOS)
You can swim through water.
You cover ground slowly.
You can hop short distances.
Your mind is acute. (Int +2)
You passively map a small area around you.
You expend magic power (3 MP) to strengthen your wands.


Message History

The cyclops throws a large rock.
The large rock barely misses you.
Found a quarterstaff and 21 stones.
You see here a large rock.
The worker ant waves its antennae.
Found 23 stones.
The worker ant barely misses you. The worker ant bites you.
Found a dented steel amulet and 2 large rocks.
Your chain mail prevents you from hitting the cyclops.
You hit the worker ant. You burn the worker ant.
The worker ant bites you but does no damage.
You hit the worker ant but do no damage.
The worker ant is heavily wounded.
You hit the cyclops but do no damage. The worker ant closely misses you.
The cyclops hits you!!
Unknown command.
You closely miss the worker ant.
The worker ant is heavily wounded.
You hit the cyclops. You burn the cyclops. The worker ant closely misses you.
The cyclops hits you!!
You die...

#<##.##.###*,
#.......# *
####.####
#(#######
#.(.....#
######.....$.#**
#....(.........
##.##.........##
#..(.(@.......#
* ,
#.).).aC......#
#.......(.....#
#..))......####
#..(...).).#
#.))...).(.#
#...(..)...#
#..(.......#
#...(."....#


You could see a cyclops and a worker ant.

Vanquished Creatures
  The ghost of grumblor the Archer, a novice SpHu (D:5)
  Grinder (D:3)
  A hippogriff (D:7)
  A wyvern (D:8)
  Menkaure (D:4)
  2 phantoms
  An ice beast (D:7)
  A necrophage (D:6)
  2 ogres
  2 centaurs
  A bullfrog (D:7)
  A gnoll sergeant (D:6)
  A scorpion (D:6)
  The ghost of JamisonTSwartz the Ruffian, a weakling DrTm of Nemelex Xobeh (D:4)
  4 wights (D:6)
  A howler monkey (D:7)
  5 crimson imps
  A bullfrog zombie (D:7)
  A centaur zombie (D:6)
  An orc priest (D:4)
  4 orc wizards
  A bullfrog skeleton (D:4)
  An iguana (D:4)
  4 worker ants
  A hound skeleton (D:4)
  22 gnolls
  A howler monkey skeleton (D:4)
  7 adders
  A shadow imp (D:7)
  3 adder skeletons
  3 worms
  A dart slug (D:1)
  3 leopard geckos
  10 orcs
  A ball python (D:1)
  7 bats
  6 giant cockroaches
  2 hobgoblins
  6 jackals
  7 kobolds
  5 quokkas
  4 frilled lizards
  5 goblins
  A quokka zombie (D:6)
  5 rats
141 creatures vanquished.

Vanquished Creatures (others)
  A hobgoblin (D:2)
  A goblin (D:2)
2 creatures vanquished.

Grand Total: 143 creatures vanquished

Notes
Turn   | Place    | Note
-------+----------+-------------------------------------------
     0 | D:1      | Blomdor the Barachi Conjurer began the quest for the Orb.
     0 | D:1      | Reached XP level 1. HP: 13/13 MP: 3/3
    32 | D:1      | Reached skill level 1 in Fighting
   161 | D:1      | Reached XP level 2. HP: 22/22 MP: 0/5
   711 | D:2      | Found a radiant altar of Vehumet.
   714 | D:3      | Found an opulent altar of Gozag.
   714 | D:3      | Found Gozag's Platinum Reserve.
   808 | D:2      | Reached XP level 3. HP: 17/29 MP: 6/6
   968 | D:1      | Reached skill level 1 in Armour
  1478 | D:2      | Reached XP level 4. HP: 36/36 MP: 2/7
  2178 | D:2      | Reached XP level 5. HP: 29/42 MP: 3/8
  2483 | D:3      | Noticed Grinder
  2498 | D:3      | Killed Grinder
  2498 | D:3      | Reached skill level 5 in Fighting
  2498 | D:3      | Reached skill level 5 in Armour
  2498 | D:3      | Reached XP level 6. HP: 24/51 MP: 9/9
  2814 | D:3      | Found a hide-covered altar of Uskayaw.
  3196 | D:3      | Reached skill level 1 in Axes
  3217 | D:3      | Reached XP level 7. HP: 46/57 MP: 8/10
  3282 | D:4      | Reached skill level 2 in Axes
  3662 | D:4      | Reached skill level 3 in Axes
  3738 | D:4      | Reached skill level 4 in Axes
  4051 | D:4      | Noticed Menkaure
  4053 | D:4      | Gained mutation: You passively map a small area around you. [potion of mutation]
  4053 | D:4      | Gained mutation: You expend magic power (3 MP) to strengthen your wands. [potion of mutation]
  4053 | D:4      | Gained mutation: Your mind is acute. (Int +2) [potion of mutation]
  4055 | D:4      | Noticed JamisonTSwartz's ghost (weakling DrTm)
  4060 | D:4      | Killed Menkaure
  4060 | D:4      | Reached skill level 5 in Axes
  4068 | D:4      | Killed JamisonTSwartz's ghost
  4473 | D:5      | Entered Level 5 of the Dungeon
  4499 | D:5      | Reached XP level 8. HP: 64/64 MP: 11/11
  4506 | D:5      | Reached skill level 6 in Axes
  4665 | D:5      | Noticed grumblor's ghost (novice SpHu)
  4711 | D:5      | Killed grumblor's ghost
  4711 | D:5      | Reached skill level 7 in Axes
  5394 | D:6      | Reached skill level 8 in Axes
  5464 | D:6      | Found a stormy altar of Qazlal.
  5467 | D:6      | Noticed an air elemental
  5483 | D:6      | Found a shattered altar of Ashenzari.
  5577 | D:6      | Reached skill level 9 in Axes
  5577 | D:6      | Reached XP level 9. HP: 34/71 MP: 12/12
  5970 | D:6      | Found an ancient bone altar of Kikubaaqudgha.
  6019 | D:6      | Found a bloodstained altar of Trog.
  6019 | D:6      | Found a snail-covered altar of Cheibriados.
  6027 | D:6      | Became a worshipper of Cheibriados the Contemplative
  6397 | D:7      | Reached skill level 10 in Axes
  6490 | D:7      | Found a sparkling altar of Nemelex Xobeh.
  6558 | D:7      | Found a staircase to the Ecumenical Temple.
  7118 | D:8      | Noticed a cyclops
  7125 | D:8      | Slain by a cyclops

Skill      XL: |  1  2  3  4  5  6  7  8  9 |
---------------+----------------------------+-----
Fighting       | 1 3 4 5 6 8 |  8.2
Armour         | 2 3 5 |  5.8
Axes           | 1 5 9 10 | 10.5
Dodging        | 3 |  3.1
Stealth        | |  1.7
Spellcasting   | |  2.1
Conjurations   | |  4.3

Action                   |  1- 3 |  4- 6 |  7- 9 || total
-------------------------+-------+-------+-------++-------
Melee: Unarmed           |    29 |       |       ||    29
       Spear             |       |   138 |       ||   138
       Short sword       |       |    10 |       ||    10
       War axe           |       |    14 |   312 ||   326
 Fire: Hunting sling     |    78 |       |       ||    78
 Cast: Magic Dart        |    32 |    22 |       ||    54
 Abil: Hop               |     4 |       |       ||     4
  Use: Scroll            |     2 |     2 |     4 ||     8
       Potion            |     1 |     2 |     4 ||     7
 Stab: Sleeping          |     1 |     1 |       ||     2
  Eat: Chunk             |     3 |     6 |    16 ||    25
Armor: Robe              |    10 |     2 |       ||    12
       Scale mail        |       |    63 |    79 ||   142
       Chain mail        |       |       |   112 ||   112
Dodge: Dodged            |    41 |    80 |   132 ||   253
